 Dungeon Crawl Stone Soup version 0.22.1-2-g9c5b331 (webtiles) character file.

65 Hoivenmaven the Slasher (level 4, -8/36 HPs)
             Began as a Barachi Fighter on Dec 10, 2018.
             Mangled by a worm (9 damage)
             ... on level 2 of the Dungeon.
             The game lasted 00:02:23 (1660 turns).

Hoivenmaven the Slasher (Barachi Fighter)           Turns: 1660, Time: 00:02:24

Health: -8/36      AC:  6    Str: 18    XL:     4   Next: 13%
Magic:  4/4        EV:  9    Int:  9    God:
Gold:   50         SH:  9    Dex: 11    Spells: 3/3 levels left

rFire    . . .     SeeInvis .   a - +0 long sword
rCold    . . .     Gourm    .   c - +0 shield
rNeg     . . .     Faith    .   b - +0 scale mail
rPois    .         Spirit   .   (no helmet)
rElec    .         Reflect  .   (no cloak)
rCorr    .         Harm     .   (no gloves)
MR       .....                  (no boots)
Stlth    ..........             (no amulet)
HPRegen  0.12/turn              h - +2 ring of evasion
MPRegen  0.09/turn              (no ring)

@: slow
A: +LOS, swims, slowness 1, strong legs 1
a: Hop


You were on level 2 of the Dungeon.
You were not hungry.

You visited 1 branch of the dungeon, and saw 2 of its levels.

You collected 50 gold pieces.

Inventory:

Hand Weapons
 a - a +0 long sword (weapon)
Armour
 b - a +0 scale mail (worn)
 c - a +0 shield (worn)
Jewellery
 h - a +2 ring of evasion (left hand)
Scrolls
 g - 2 scrolls of identify
 l - a scroll of remove curse
Potions
 d - a potion of might
 e - a potion of flight {unknown}
 i - a potion of curing {unknown}
 j - a potion of magic {unknown}
 k - a potion of berserk rage {unknown}
 m - 2 potions of agility
 n - 2 potions of heal wounds {unknown}
Comestibles
 f - 2 rations
 o - 2 chunks of flesh


   Skills:
 - Level 3.6 Fighting
 + Level 5.2 Long Blades
 - Level 3.6 Armour
 - Level 3.2 Shields


You had 3 spell levels left.
You didn't know any spells.
Your spell library was empty.

Dungeon Overview and Level Annotations

Branches:
Dungeon (2/15)

Altars:
Sif Muna


Innate Abilities, Weirdness & Mutations

Shadows flee at your approach. (+LOS)
You can swim through water.
You cover ground slowly.
You can hop short distances.


Message History

You are too injured to fight recklessly!
You are too injured to fight recklessly!
You are too injured to fight recklessly!
You hit the worm.
The worm is almost dead.
The worm bites you!
* * * LOW HITPOINT WARNING * * *
You hit the worm.
The worm is almost dead.
You hit the worm.
The worm is almost dead.
You block the worm's attack.
You hit the worm but do no damage.
The worm is almost dead.
The worm bites you!
* * * LOW HITPOINT WARNING * * *
You hit the worm.
The worm is almost dead.
The worm bites you!
You die...

##..........##.#
#.##.###.###.#
#...#####.#.##.#
#........###.# .....#
#.#.##.## #..#.........#
....## #.......#
#..#.###.##### ##.##
###.###.## #.....##.# #.# #.#
#..# #.....†..# #.# .# ##.#
##....##.# ##+## .# #.##
#.#.###)# #...## .# #@.#
#.#.###.#
.....######.##..w#.##.......#
#
.............#..#..####.##.##
## .......###...#.#
.#####.#...####.
...<...+...#.##
###...........+.
.......###...# ####.#...####.
.......# #.#.# #...#.## ##
.....#.###.### #.....# #
#...##.......# #...#.#


You could see a worm.

Vanquished Creatures
  2 adders
  A worm (D:2)
  2 dart slugs (D:2)
  A leopard gecko (D:2)
  2 ball pythons
  8 bats
  A giant cockroach (D:1)
  6 goblins
  4 hobgoblins
  A quokka (D:2)
  A frilled lizard (D:2)
  3 kobolds
  5 rats
37 creatures vanquished.

Notes
Turn   | Place    | Note
-------+----------+-------------------------------------------
     0 | D:1      | Hoivenmaven the Barachi Fighter began the quest for the
                  | Orb.
     0 | D:1      | Reached XP level 1. HP: 18/18 MP: 1/1
    44 | D:1      | Reached skill level 3 in Long Blades
    74 | D:1      | Reached XP level 2. HP: 15/24 MP: 2/2
   674 | D:1      | Reached skill level 4 in Long Blades
   674 | D:1      | Reached XP level 3. HP: 11/29 MP: 3/3
  1050 | D:2      | Found a deep blue altar of Sif Muna.
  1507 | D:2      | Reached skill level 5 in Long Blades
  1507 | D:2      | Reached XP level 4. HP: 36/36 MP: 4/4
  1659 | D:2      | HP: 1/36 [worm (9)]
  1660 | D:2      | Mangled by a worm

Skill      XL: |  1  2  3 |
---------------+----------+-----
Long Blades    | 3 4 5 |  5.2
Fighting       | |  3.6
Armour         | |  3.6
Shields        | |  3.2

Action                   |  1- 3 |  4- 6 || total
-------------------------+-------+-------++-------
Melee: Long sword        |   105 |    15 ||   120
  Use: Scroll            |     3 |       ||     3
  Eat: Chunk             |     2 |     1 ||     3
Armor: Scale mail        |    66 |       ||    66
Dodge: Dodged            |    43 |     2 ||    45
Block: Shield            |    87 |     3 ||    90
       Rpst.: Long sword |    13 |     1 ||    14
